 Dungeon Crawl Stone Soup version 0.21.1-1-g345015fe64 (webtiles) character file.

4753 Kohma the Spear-Bearer (level 10, -1/80 HPs)
             Began as a Demonspawn Berserker on June 20, 2018.
             Was an Elder of Trog.
             Slain by a wyvern (14 damage)
             ... on level 9 of the Dungeon.
             The game lasted 00:31:55 (9524 turns).

Kohma the Spear-Bearer (Demonspawn Berserker)       Turns: 9524, Time: 00:31:56

Health: -1/80      AC: 12    Str: 20    XL:     10   Next: 23%
Magic:  10/10      EV:  7    Int:  9    God:    Trog [****..]
Gold:   375        SH: 10    Dex: 13    Spells: 9/9 levels left

rFire    . . .     SeeInvis .   a - +3 spear (pierce)
rCold    . . .     Gourm    .   g - +0 shield
rNeg     . . .     Faith    .   C - +2 plate armour {rPois}
rPois    +         Spirit   .   (no helmet)
rElec    .         Reflect  .   (no cloak)
rCorr    .         Harm     .   (no gloves)
MR       .....                  (no boots)
Stlth    ..........             (no amulet)
HPRegen  0.23/turn              r - ring of stealth
MPRegen  0.12/turn              s - ring of poison resistance

@: no status effects
A: hooves 2, demonic guardian 1, powered by death 2, sturdy frame 2
a: Berserk, Trog's Hand, Brothers in Arms, Burn Spellbooks, Renounce Religion


You were on level 9 of the Dungeon.
You worshipped Trog.
Trog was greatly pleased with you.
You were not hungry.

You visited 2 branches of the dungeon, and saw 10 of its levels.

You collected 375 gold pieces.

Inventory:

Hand Weapons
 a - a +3 spear of piercing (weapon)
Armour
 g - a +0 shield (worn)
 i - a +1 pair of gloves of archery
 C - a +2 plate armour of poison resistance (worn)
Jewellery
 p - an uncursed ring of flight
 r - a ring of stealth (left hand)
 s - a ring of poison resistance (right hand)
Wands
 b - a wand of random effects (29)
 u - a wand of iceblast (2)
Scrolls
 d - 8 scrolls of remove curse
 k - a scroll of random uselessness {unknown}
 v - a scroll of identify
 x - 3 scrolls of enchant armour
 y - 2 scrolls of enchant weapon
Potions
 e - 4 potions of might
 f - 6 potions of lignification
 h - a potion of magic
 l - a potion of flight
 n - a potion of haste {unknown}
 o - 3 potions of heal wounds
 q - 2 potions of agility
 t - 8 potions of curing
 w - 2 potions of mutation
Comestibles
 c - 14 rations


   Skills:
 + Level 8.2 Fighting
 * Level 10.2 Polearms
 - Level 1.7 Armour
 - Level 1.7 Dodging
 + Level 6.7 Shields


You had 9 spell levels left.
You didn't know any spells.

Dungeon Overview and Level Annotations

Branches:
Dungeon (9/15)             Temple (1/1) D:6            Lair (0/6) D:9
    Orc: D:9-12

Altars:
Ashenzari
Dithmenos
Elyvilon
Fedhas
Gozag
Hepliaklqana
Kikubaaqudgha
Makhleb
Nemelex Xobeh
Okawaru
Qazlal
Ru
Sif Muna
Trog
Uskayaw
Vehumet
Wu Jian
Xom
Yredelemnul
The Shining One

Shops:
D:6 (


Innate Abilities, Weirdness & Mutations

You have hoof-like feet.
A weak demonic guardian rushes to your aid.
You regenerate health from kills.
Your movements are less encumbered by armour. (ER -4)


Message History

Something hits you but does no damage. You block something's attack.
Something hits you. Something hits you but does no damage. Something hits you.
You block something's attack.
The wyvern bites you but does no damage.
You block something's attack.
Your ufetubus closely misses the wyvern.
Your ufetubus hits the wyvern. Something hits you!
The wyvern barely misses you. Something hits you but does no damage.
Your ufetubus barely misses the wyvern.
Your ufetubus hits the wyvern but does no damage.
Your ufetubus hits something but does no damage.
Your ufetubus hits something. The wyvern bites you!
* * * LOW HITPOINT WARNING * * *
Your ufetubus hits something.
Your ufetubus closely misses something. x3
There is an open door here.
The wyvern bites you!
You die...

.............)..........
#....########<.####....#
#....# #..# #....# #....#
#..# #....# #....# #..#
#....#
#...%########..####....#
.....).......5.........######
....[.........###l###.......#
..>.........###.@...###.....#
##...########.........##....#
#...# #..⌠.....⌠..####.#
#..(# #.....8[....# #.# #..l#
##._.###._.## #.# #.5.#
#####.##### #.# #...# #...#
#.# #(..# #...########.#
##(..###########............#


You could see a wyvern.

Vanquished Creatures
  Pikel (D:6)
  A hornet (D:6)
  Grinder (D:6)
  A hungry ghost (D:7)
  2 ice beasts (D:8)
  A sky beast (D:5)
  3 orc warriors
  2 ogres
  A phantom (D:5)
  A centaur (D:7)
  A big kobold (D:7)
  A bullfrog (D:6)
  3 scorpions
  5 killer bees (D:7)
  2 electric eels (D:8)
  2 crimson imps (D:7)
  A quasit (D:7)
  A bullfrog zombie (D:8)
  3 jellies
  7 orc wizards
  A bullfrog skeleton (D:7)
  5 orc priests
  Jessica (D:2)
  2 iguanas
  3 worker ants
  A howler monkey zombie (D:7)
  A worker ant zombie (D:3)
  4 gnolls
  10 adders
  7 shadow imps
  4 oozes
  An adder skeleton (D:6)
  2 adder zombies
  A dart slug (D:1)
  9 leopard geckos
  31 orcs
  6 giant cockroaches
  9 goblins
  11 hobgoblins
  3 jackals (D:2)
  13 kobolds
  5 quokkas
  A ball python (D:2)
  6 bats
  9 frilled lizards
  A leopard gecko skeleton (D:5)
  8 rats
195 creatures vanquished.

Vanquished Creatures (collateral kills)
  A rakshasa (D:9)
  A centaur warrior (D:9)
  Joseph (D:7)
  A troll (D:9)
  A spriggan (D:7)
  A necrophage (D:9)
  A killer bee (D:7)
  A crimson imp (D:6)
  An orc priest (D:9)
  An adder zombie (D:7)
  An orc (D:7)
  A quokka (D:7)
12 creatures vanquished.

Vanquished Creatures (others)
  5 dream sheep (D:3)
  A giant cockroach (D:3)
  A plant (D:3)
7 creatures vanquished.

Grand Total: 214 creatures vanquished

Notes
Turn   | Place    | Note
-------+----------+-------------------------------------------
     0 | D:1      | Kohma the Demonspawn Berserker began the quest for the Orb.
     0 | D:1      | Reached XP level 1. HP: 18/18 MP: 1/1
    58 | D:1      | Reached skill level 3 in Polearms
    58 | D:1      | Gained mutation: You regenerate a little health from kills. [demonic ancestry]
    58 | D:1      | Reached XP level 2. HP: 3/24 MP: 2/2
   709 | D:1      | Gained mutation: Your movements are slightly less encumbered by armour. (ER -2) [demonic ancestry]
   709 | D:1      | Reached XP level 3. HP: 16/29 MP: 3/3
  1728 | D:2      | Reached skill level 1 in Shields
  1909 | D:2      | Reached ** piety under Trog
  1933 | D:2      | Gained mutation: You have large cloven feet. [demonic ancestry]
  1933 | D:2      | Reached XP level 4. HP: 37/37 MP: 4/4
  1970 | D:2      | Noticed Jessica
  1975 | D:2      | Killed Jessica
  2254 | D:3      | Reached skill level 4 in Polearms
  2415 | D:3      | Reached XP level 5. HP: 35/42 MP: 5/5
  2445 | D:3      | Noticed a dream sheep
  2445 | D:3      | Noticed a dream sheep
  2445 | D:3      | Noticed a dream sheep
  2445 | D:3      | Noticed a dream sheep
  2445 | D:3      | Noticed a dream sheep
  2445 | D:3      | Found a shimmering altar of Xom.
  2450 | D:3      | Killed a dream sheep
  2451 | D:3      | Killed a dream sheep
  2451 | D:3      | Killed a dream sheep
  2451 | D:3      | Killed a dream sheep
  2452 | D:3      | Killed a dream sheep
  3663 | D:4      | Reached *** piety under Trog
  3728 | D:4      | Gained mutation: A weak demonic guardian rushes to your aid. [demonic ancestry]
  3728 | D:4      | Reached XP level 6. HP: 36/49 MP: 6/6
  3952 | D:4      | Reached skill level 5 in Polearms
  4072 | D:4      | Found an opulent altar of Gozag.
  4359 | D:5      | Entered Level 5 of the Dungeon
  4894 | D:5      | Noticed a sky beast
  4907 | D:5      | Killed a sky beast
  4907 | D:5      | Reached XP level 7. HP: 39/55 MP: 7/7
  4917 | D:5      | Reached skill level 5 in Fighting
  5210 | D:6      | Found a staircase to the Ecumenical Temple.
  5219 | Temple   | Entered the Ecumenical Temple
  5379 | D:6      | Noticed Grinder
  5400 | D:6      | Killed Grinder
  5400 | D:6      | Reached skill level 6 in Polearms
  5501 | D:6      | Noticed Pikel
  5522 | D:6      | Killed Pikel
  5522 | D:6      | Reached skill level 7 in Polearms
  5522 | D:6      | Gained mutation: Your movements are less encumbered by armour. (ER -4) [demonic ancestry]
  5522 | D:6      | Reached XP level 8. HP: 60/64 MP: 8/8
  5640 | D:6      | Reached **** piety under Trog
  5829 | D:6      | Found Woatwaat's Weapon Shoppe.
  6225 | D:7      | Noticed Joseph
  6272 | D:7      | Killed Joseph
  6272 | D:7      | Reached skill level 8 in Polearms
  6272 | D:7      | Reached skill level 5 in Shields
  6341 | D:7      | Gained mutation: You have hoof-like feet. [demonic ancestry]
  6341 | D:7      | Reached XP level 9. HP: 45/71 MP: 9/9
  7045 | D:7      | Reached skill level 9 in Polearms
  7308 | D:7      | Reached ***** piety under Trog
  7505 | D:8      | Found a hazy altar of Hepliaklqana.
  8157 | D:8      | HP: 2/74 [electric eel/bolt of electricity (6)]
  9051 | D:9      | Noticed a rakshasa
  9417 | D:9      | Found a stormy altar of Qazlal.
  9417 | D:9      | Found an ancient bone altar of Kikubaaqudgha.
  9437 | D:9      | Found a staircase to the Lair.
  9453 | D:9      | Noticed a troll
  9463 | D:9      | Killed a rakshasa
  9463 | D:9      | Reached skill level 10 in Polearms
  9463 | D:9      | Gained mutation: You regenerate health from kills. [demonic ancestry]
  9463 | D:9      | Reached XP level 10. HP: 11/80 MP: 10/10
  9483 | D:9      | Noticed a centaur warrior
  9487 | D:9      | Killed a centaur warrior
  9524 | D:9      | Slain by a wyvern

Skill      XL: |  1  2  3  4  5  6  7  8  9 |
---------------+----------------------------+-----
Polearms       | 3 4 5 7 8 10 | 10.2
Shields        | 1 2 3 4 5 6 |  6.7
Fighting       | 4 5 6 8 |  8.2
Armour         | |  1.7
Dodging        | |  1.7

Action                   |  1- 3 |  4- 6 |  7- 9 | 10-12 || total
-------------------------+-------+-------+-------+-------++-------
Melee: Spear             |   155 |   181 |   396 |     1 ||   733
       Kick              |       |    36 |   106 |     1 ||   143
Throw: Javelin           |       |       |    10 |       ||    10
Invok: Berserk           |     1 |     2 |     2 |       ||     5
       Burn Spellbooks   |       |     1 |     3 |       ||     4
       Brothers in Arms  |       |       |     3 |       ||     3
       Trog's Hand       |       |       |     2 |       ||     2
  Use: Scroll            |       |    15 |     7 |       ||    22
       Potion            |       |       |     2 |       ||     2
 Stab: Sleeping          |     1 |     2 |     1 |       ||     4
       Distracted        |       |       |     1 |       ||     1
  Eat: Chunk             |     4 |     7 |    11 |       ||    22
       Ration            |       |     1 |     3 |       ||     4
Armor: Animal skin       |    12 |       |       |       ||    12
       Leather armour    |    12 |    11 |    12 |       ||    35
       Ring mail         |     1 |    32 |    25 |       ||    58
       Plate armour      |       |       |    31 |     4 ||    35
Dodge: Dodged            |    41 |    56 |    62 |     2 ||   161
Block: Shield            |    38 |    67 |   124 |     5 ||   234
